 Dungeon Crawl Stone Soup version 0.24.0-37-gcf1ca852f1 (webtiles) character file.

Game seed: 16842634036880658256, levelgen mode: deterministic

10049 Gruesph the Fighter (level 11, -4/92 HPs)
             Began as a Barachi Ice Elementalist on Dec 1, 2019.
             Was an Elder of Cheibriados.
             Slain by a wraith (9 damage)
             ... led by Josephine
             ... on level 10 of the Dungeon.
             The game lasted 01:10:29 (13116 turns).

Gruesph the Fighter (Barachi Ice Elementalist)     Turns: 13116, Time: 01:10:29

Health: -4/92      AC:  8    Str: 22    XL:     11   Next: 56%
Magic:  17/18      EV: 12    Int: 26    God:    Cheibriados [****..]
Gold:   569        SH:  8    Dex: 22    Spells: 9/20 levels left

rFire    . . .     SeeInvis .   a - +2 long sword (elec)
rCold    . . .     Gourm    .   m - +2 buckler {reflect}
rNeg     . . .     Faith    .   e - +1 troll leather armour
rPois    .         Spirit   .   g - +1 hat
rElec    .         Reflect  +   D - +0 cloak
rCorr    +         Harm     .   (no gloves)
MR       .....                  (no boots)
Stlth    ++........             E - amulet of magic regeneration
HPRegen  0.65/turn              s - ring of resist corrosion
MPRegen  0.41/turn              x - +2 ring of intelligence

@: slowed, lightly drained, very slow
A: +LOS, swims, slowness 1, strong legs 1
a: Hop, Bend Time, Temporal Distortion, Slouch, Renounce Religion


You were on level 10 of the Dungeon.
You worshipped Cheibriados.
Cheibriados was greatly pleased with you.
You were not hungry.

You visited 2 branches of the dungeon, and saw 11 of its levels.

You collected 569 gold pieces.

Inventory:

Hand Weapons
 a - a +2 long sword of electrocution (weapon)
 b - a +0 hunting sling
Missiles
 d - 321 stones
 l - 27 sling bullets
 v - 26 poisoned darts (quivered)
Armour
 e - a +1 troll leather armour (worn)
 g - a +1 hat (worn)
 m - a +2 buckler of reflection (worn)
 D - a +0 cloak (worn)
Jewellery
 h - an uncursed amulet of the acrobat {unknown}
 s - a ring of resist corrosion (left hand)
 x - a +2 ring of intelligence (right hand)
 E - an amulet of magic regeneration (around neck)
Wands
 i - a wand of acid (6)
Scrolls
 p - 4 scrolls of enchant weapon
 r - 3 scrolls of remove curse
 t - 2 scrolls of enchant armour
 y - 2 scrolls of teleportation
 B - a scroll of amnesia
Potions
 c - 2 potions of curing
 k - 2 potions of flight
 n - 2 potions of brilliance
 u - a potion of lignification
 z - a potion of invisibility {unknown}
Miscellaneous
 F - a phantom mirror
Comestibles
 f - 12 rations


   Skills:
 + Level 10.6(9.9) Fighting
 * Level 8.6(7.9) Long Blades
 + Level 5.1(4.5) Armour
 - Level 2.1(1.6) Dodging
 - Level 1.7(1.2) Stealth
 - Level 4.0(3.4) Shields
 - Level 5.0(4.4) Spellcasting
 - Level 7.0(6.4) Conjurations
 - Level 5.0(4.4) Summonings
 - Level 10.0(9.3) Ice Magic
 + Level 2.9(2.4) Invocations


You had 9 spell levels left.
You knew the following spells:

 Your Spells              Type           Power        Failure   Level  Hunger
a - Freeze                Ice            ####         1%          1    None
b - Throw Frost           Conj/Ice       #####.       1%          2    None
c - Throw Icicle          Conj/Ice       #####...     3%          4    ####...
d - Summon Ice Beast      Ice/Summ       #####...     6%          4    ####...

Your spell library contained the following spells:

 Spells                   Type           Power        Failure   Level  Hunger
 Magic Dart               Conj           ####         1%          1    None
 Searing Ray              Conj           #####.       1%          2    None
 Ozocubu's Armour         Chrm/Ice       ####....     4%          3    ##.....
 Iskenderun's Mystic Bla  Conj           #####...     7%          4    ####...
 Dazzling Spray           Conj/Hex       ###...       9%          3    ##.....
 Stone Arrow              Conj/Erth      ###...       9%          3    ##.....
 Confusing Touch          Hex            #.....       10%         1    None
 Corpse Rot               Necr           N/A          16%         2    None
 Force Lance              Conj/Tloc      ###.....     26%         4    ####...
 Fulminant Prism          Conj/Hex       ###.......   26%         4    ####...
 Confuse                  Hex            #.......     30%         3    ##.....
 Gell's Gravitas          Tloc           #.........   30%         3    ##.....
 Metabolic Englaciation   Hex/Ice        ####......   38%         5    #####..
 Leda's Liquefaction      Hex/Erth       #.........   69%         4    ####...
 Petrify                  Tmut/Erth      #.......     69%         4    ####...
 Summon Forest            Summ/Tloc      ###.......   75%         5    #####..
 Yara's Violent Unravell  Hex/Tmut       #.........   95%         5    #####..
 Hydra Form               Tmut           #.........   100%        6    #######
 Summon Hydra             Summ           ####......   100%        7    #######


Dungeon Overview and Level Annotations

Branches:
Dungeon (10/15)            Temple (1/1) D:7
   Lair: D:8-11         Orc: D:9-12

Altars:
Ashenzari
Cheibriados
Dithmenos
Elyvilon
Fedhas
Gozag
Hepliaklqana
Kikubaaqudgha
Makhleb
Nemelex Xobeh
Okawaru
Qazlal
Ru
Sif Muna
Trog
Uskayaw
Vehumet
Wu Jian
Xom
Yredelemnul
Zin
The Shining One

Shops:
D:7 (   D:8 =   D:10 }

Annotations:
D:10 Josephine


Innate Abilities, Weirdness & Mutations

Shadows flee at your approach. (+LOS)
You can swim through water.
You cover ground slowly.
You can hop short distances.


Message History

Press: ? - help, Shift-Dir - straight line, f/p - Josephine
Aim: Josephine, wielding a +0 dagger and wearing a +0 robe (moderately wounded)
You freeze Josephine!
Josephine is moderately wounded.
A centaur warrior skeleton comes into view.
The bullfrog closely misses you. The wraith barely misses you.
Josephine hits you with a +0 dagger.
* * * LOW HITPOINT WARNING * * *
The wraith hits you!
* * * LOW HITPOINT WARNING * * *
The wraith drains your vigour!
You feel as though you will be slow longer.
The bullfrog hits you.
* * * LOW HITPOINT WARNING * * *
The wraith hits you!
* * * LOW HITPOINT WARNING * * *
The wraith drains your vigour!
You feel as though you will be slow longer.
Josephine hits you but does no damage. The wraith hits you!
You die...

.#..>........... $.
.#............# ...
.#<...........# ....
.##...........#####+#....
.........................
##.#.....................
##.#.........#...........
...#.........#.W........$
#..#.........#.@@........
...#.........#..WF.....##
##.#.........#..........#
##.#.........#..........#
...#.........#..........#
####.........#..........#
...'.........#...........
####.........########..Z.
#.........# #/..


You could see Josephine, 2 wraiths, a bullfrog and a centaur warrior skeleton
(wandering).

Vanquished Creatures
  Harold (D:7)
  A two-headed ogre (D:9)
  The ghost of mrkaede the Magician, a novice GnSk of Uskayaw (D:9)
  An unseen horror (D:10)
  An ugly thing (D:8)
  A centaur zombie (D:9)
  Psyche (D:8)
  Grinder (D:3)
  Prince Ribbit (D:9)
  A slime creature (D:8)
  Sigmund (D:5)
  2 wraiths
  A wyvern (D:9)
  6 yaks
  Menkaure (D:5)
  A water moccasin (D:5)
  A necrophage (D:7)
  2 orc warriors
  2 ice beasts
  2 sky beasts
  2 ogres
  3 phantoms
  4 centaurs
  6 big kobolds
  3 bullfrogs
  Blork the orc (D:5)
  A wyvern zombie (D:9)
  3 scorpions
  A water moccasin skeleton (D:8)
  9 killer bees (D:8)
  A wight (D:8)
  4 howler monkeys
  7 crimson imps
  8 hounds
  4 orc priests
  2 bullfrog skeletons
  2 centaur skeletons
  A jelly (D:8)
  11 orc wizards
  Jessica (D:2)
  4 iguanas
  7 worker ants
  Terence (D:3)
  A killer bee zombie (D:7)
  2 worker ant zombies
  Robin (D:2)
  12 gnolls (D:5)
  8 adders
  A howler monkey skeleton (D:9)
  2 shadow imps
  An ooze (D:1)
  2 adder zombies
  An adder skeleton (D:9)
  4 worms
  2 dart slugs
  9 leopard geckos
  31 orcs
  2 ball pythons
  6 giant cockroaches
  17 goblins
  12 hobgoblins
  8 jackals
  46 kobolds
  5 quokkas
  10 bats
  9 frilled lizards
  A jackal zombie (D:5)
  A leopard gecko skeleton (D:7)
  A leopard gecko zombie (D:8)
  11 rats
  A plant (D:4)
322 creatures vanquished.

Notes
Turn   | Place    | Note
-------+----------+-------------------------------------------
     0 | D:1      | Gruesph the Barachi Ice Elementalist began the quest for
                  | the Orb.
     0 | D:1      | Reached XP level 1. HP: 13/13 MP: 3/3
   267 | D:1      | Reached skill level 1 in Fighting
   267 | D:1      | Reached XP level 2. HP: 21/21 MP: 3/5
   416 | D:1      | Learned a level 2 spell: Throw Frost
   645 | D:1      | Reached XP level 3. HP: 26/26 MP: 3/6
  1190 | D:2      | Noticed Jessica
  1202 | D:2      | Killed Jessica
  1202 | D:2      | Reached XP level 4. HP: 33/33 MP: 4/8
  2158 | D:2      | Reached XP level 5. HP: 38/39 MP: 6/9
  2357 | D:3      | Noticed Grinder
  2600 | D:5      | Entered Level 5 of the Dungeon
  2609 | D:5      | Reached skill level 5 in Ice Magic
  2707 | D:5      | Noticed Blork the orc
  2718 | D:5      | Killed Blork the orc
  2718 | D:5      | Reached XP level 6. HP: 34/47 MP: 4/11
  2777 | D:5      | Found a white marble altar of Elyvilon.
  2866 | D:4      | Got a bone dagger
  2867 | D:4      | Identified the +6 dagger "Roaff" {holy, *Slow rPois Str+3
                  | Int+3} (You found it on level 4 of the Dungeon)
  3003 | D:3      | Found a shadowy altar of Dithmenos.
  3059 | D:3      | Paralysed by Grinder for 7 turns
  3071 | D:3      | Killed Grinder
  3071 | D:3      | Reached XP level 7. HP: 37/53 MP: 11/13
  3077 | D:3      | Learned a level 4 spell: Throw Icicle
  3082 | D:3      | Learned a level 4 spell: Summon Ice Beast
  3651 | D:3      | Noticed Robin
  3667 | D:2      | Killed Robin
  3864 | D:3      | Noticed Terence
  3871 | D:3      | Killed Terence
  5204 | D:5      | Reached skill level 5 in Fighting
  5204 | D:5      | Reached XP level 8. HP: 62/62 MP: 11/15
  5307 | D:5      | Reached skill level 5 in Spellcasting
  5404 | D:5      | Reached skill level 5 in Conjurations
  5863 | D:5      | Noticed Menkaure
  5881 | D:5      | Killed Menkaure
  6396 | D:5      | Noticed Sigmund
  6405 | D:5      | Killed Sigmund
  6410 | D:5      | Reached XP level 9. HP: 52/71 MP: 5/16
  7167 | D:6      | Reached skill level 1 in Summonings
  8381 | D:7      | Found a staircase to the Ecumenical Temple.
  8389 | Temple   | Entered the Ecumenical Temple
  8465 | Temple   | Became a worshipper of Cheibriados the Contemplative
  8519 | D:7      | Noticed Harold
  8538 | D:7      | HP: 3/72 [Harold/cursed -1 trident (18)]
  8553 | D:7      | HP: 5/108 [Harold/cursed -1 trident (3)]
  8571 | D:7      | Killed Harold
  8939 | D:7      | Reached skill level 1 in Long Blades
  9138 | D:7      | Reached XP level 10. HP: 80/82 MP: 17/17
  9204 | D:7      | Reached * piety under Cheibriados
  9218 | D:7      | Reached skill level 5 in Summonings
  9467 | D:7      | Found Kuiqoxkiy's Antique Weapon Shop.
  9795 | D:8      | Found Bauteudo's Jewellery Emporium.
  9892 | D:8      | Noticed Psyche
  9897 | D:8      | Killed Psyche
  9897 | D:8      | Reached skill level 1 in Shields
 10065 | D:8      | Reached skill level 10 in Ice Magic
 10274 | D:8      | Reached ** piety under Cheibriados
 10509 | D:8      | Found a runed translucent door.
 10509 | D:8      | Found a runed translucent door.
 10593 | D:8      | Reached skill level 1 in Armour
 10674 | D:8      | Noticed a brown ugly thing
 11010 | D:8      | Killed a brown ugly thing
 11010 | D:8      | Reached skill level 5 in Long Blades
 11163 | D:8      | Found the +5 demon whip "Spellbinder" {antimagic, MR+}
 11170 | D:8      | Got a brightly glowing broad axe
 11329 | D:9      | Noticed Prince Ribbit
 11576 | D:9      | Reached *** piety under Cheibriados
 11783 | D:8      | Reached XP level 11. HP: 64/88 MP: 14/18
 11865 | D:9      | Reached skill level 10 in Fighting
 11871 | D:9      | Killed Prince Ribbit
 11871 | D:9      | Reached **** piety under Cheibriados
 11871 | D:9      | Reached skill level 1 in Invocations
 11960 | D:9      | Noticed a two-headed ogre
 11969 | D:9      | Killed a two-headed ogre
 12307 | D:8      | HP: 3/89 [yak (14)]
 12671 | D:9      | Found a runed translucent door.
 12672 | D:9      | Noticed mrkaede's ghost (novice GnSk)
 12685 | D:9      | Killed mrkaede's ghost
 12816 | D:10     | Entered Level 10 of the Dungeon
 12916 | D:10     | Killed an unseen horror
 12916 | D:10     | Reached skill level 5 in Armour
 13025 | D:10     | Found Echor's Gadget Emporium.
 13059 | D:10     | Noticed Josephine
 13116 | D:10     | Slain by a wraith

Levels and vault maps discovered:
D:1:      saegor_arrival_simple_a, layout_loops_ring
D:2:      layout_basic, minmay_tall_x, uniq_jessica
D:3:      layout_rooms, grunt_dithmenos_smoke, kennysheep_generic_room_9,
          uniq_grinder, uniq_robin, uniq_terence
D:4:      kennysheep_kobold_camp, layout_basic, first_ration
D:5:      layout_gridville, basic_altar, grunt_decor_cap, uniq_menkaure,
          uniq_blork_the_orc, uniq_sigmund
D:6:      layout_basic, serial_rivers, chequers_serial_rivers_micro_d,
          chequers_serial_rivers_micro_e, chequers_serial_rivers_micro_e,
          chequers_serial_rivers_small_3
D:7:      layout_gridville, minmay_temple_entry_sparse_star, serial_shops,
          nicolae_shop_window_shopping, uniq_harold
D:8:      minmay_the_grid_triangle_9x9_rhombus_full
          [minmay_the_grid_triangle_9x9_longest,
          minmay_the_grid_triangle_9x9_tough_junction,
          minmay_the_grid_triangle_9x9_descending_squares,
          minmay_the_grid_triangle_9x9_corruption,
          minmay_the_grid_triangle_9x9_steps,
          minmay_the_grid_triangle_9x9_empty,
          minmay_the_grid_triangle_9x9_zippers_vertical,
          minmay_the_grid_triangle_9x9_prize_insulated], layout_rooms,
          minmay_shop_enchanted_jewellery, uniq_psyche
D:9:      layout_cave_pools, gammafunk_ghost_grave, uniq_prince_ribbit1
D:10:     layout_basic, serial_shops, nicolae_shop_crystal, special_room
          [special_room_orc], uniq_josephine
Temple:   dpeg_three_leaves_temple

Skill      XL: |  1  2  3  4  5  6  7  8  9 10 11 |
---------------+----------------------------------+-----
Fighting       | 1 2 3 5 6 8 9 10 | 10.6
Ice Magic      | 4 5 6 8 9 10 | 10.0
Conjurations   | 2 3 4 6 7 |  7.0
Spellcasting   | 3 4 5 |  5.0
Summonings     | 4 5 |  5.0
Long Blades    | 1 6 8 |  8.6
Shields        | 4 |  4.0
Armour         | 3 5 |  5.1
Invocations    | 2 |  2.9
Dodging        | |  2.1
Stealth        | |  1.7

Action                   |  1- 3 |  4- 6 |  7- 9 | 10-12 || total
-------------------------+-------+-------+-------+-------++-------
Melee: Short sword       |     4 |       |       |       ||     4
       Dagger            |     4 |    14 |   129 |       ||   147
       Falchion          |       |       |    65 |   191 ||   256
       Long sword        |       |       |       |    68 ||    68
 Fire: Hunting sling     |       |       |    19 |       ||    19
Throw: Stone             |     7 |    34 |     6 |       ||    47
       Dart              |       |       |    27 |    20 ||    47
 Cast: Freeze            |    40 |    80 |   255 |   119 ||   494
       Throw Frost       |     1 |       |     4 |    37 ||    42
       Summon Ice Beast  |       |       |     2 |     3 ||     5
       Throw Icicle      |       |       |       |    14 ||    14
 Abil: Hop               |       |       |     3 |     3 ||     6
Evoke: Wand              |       |       |     3 |       ||     3
  Use: Scroll            |       |     7 |    11 |     7 ||    25
       Potion            |       |     1 |     5 |     3 ||     9
 Stab: Sleeping          |     1 |     2 |     3 |     1 ||     7
       Distracted        |       |       |     1 |       ||     1
  Eat: Ration            |     1 |       |     3 |     2 ||     6
       Chunk             |       |     5 |    11 |     2 ||    18
Armor: Robe              |     6 |    13 |       |       ||    19
       Troll leather arm |       |     6 |    85 |    90 ||   181
       Scale mail        |       |       |    39 |       ||    39
       Skin              |       |       |    18 |     3 ||    21
Dodge: Dodged            |    34 |    40 |   224 |   216 ||   514
Block: Buckler           |       |       |       |   135 ||   135
       Reflection        |       |       |       |     3 ||     3
       Rpst.: Falchion   |       |       |    20 |    48 ||    68
       Long sword        |       |       |       |    13 ||    13
